 Dungeon Crawl Stone Soup version 0.30-a0-939-gc8157cb160 (webtiles) character file.

Game seed: 8508089825752371374

3462 DeathPants the Cutter (level 10, -10/53 HPs)
             Began as a Vine Stalker Gladiator on Mar 25, 2023.
             Was an Initiate of Gozag.
             Mangled by a thrashing horror (12 damage)
             ... on level 3 of the Abyss.
             The game lasted 00:21:11 (6742 turns).

DeathPants the Cutter (Vine Stalker Gladiator)      Turns: 6742, Time: 00:21:12

Health: -10/53     AC: 10    Str: 15    XL:     10   Next: 6%
Magic:  0/21       EV: 14    Int: 12    God:    Gozag
Gold:   351        SH:  0    Dex: 21    Spells: 20/22 levels left

rFire   . . .      SeeInvis .    b - +4 dagger (speed)
rCold   . . .      Faith    .    (no shield)
rNeg    . . .      Spirit   +    p - +5 leather armour of the Frog {Str-2 Dex+5}
rPois   .          Reflect  .    c - +1 helmet
rElec   .          Rampage  .    (no cloak)
rCorr   .                        (no gloves)
Will    ++...                    (no boots)
Stlth   ++                       (no amulet)
HPRegen 1.08/turn                f - ring of willpower
MPRegen 0.17/turn                (no ring)

@: no status effects
A: fangs 3, regeneration 1, magic shield, antimagic bite, no potion heal 2
a: Renounce Religion, Potion Petition, Call Merchant, Bribe Branch


You were on level 3 of the Abyss.
You worshipped Gozag.
Gozag was aware of your devotion.
You visited 2 branches of the dungeon, and saw 10 of its levels.
You visited the Abyss 1 time.

You collected 469 gold pieces.
You paid 118 gold pieces to Gozag.

Inventory:

Hand Weapons
 b - a +4 dagger of speed (weapon)
 y - a +4 scimitar
Missiles
 e - 12 javelins
 h - 2 curare-tipped darts
 l - 3 throwing nets (quivered)
 m - 10 poisoned darts
Armour
 c - a +1 helmet (worn)
 g - a +0 buckler
 p - the +5 leather armour of the Frog (worn) {Str-2 Dex+5}
   (You found it on level 5 of the Dungeon)

   Str:       It affects your strength (-2).
   Dex:       It affects your dexterity (+5).
Jewellery
 f - a ring of willpower (left hand)
 x - a ring of flight
Wands
 d - a wand of roots (8)
 j - a wand of flame (20)
 v - a wand of paralysis (12)
Scrolls
 i - 2 scrolls of teleportation
 s - 3 scrolls of magic mapping
 t - a scroll of amnesia
 u - a scroll of enchant armour
 w - 4 scrolls of identify
Potions
 a - a potion of cancellation {unknown}
 k - 3 potions of attraction
 n - 2 potions of curing
 o - a potion of lignification
 q - 2 potions of might {unknown}
 r - 3 potions of haste
Miscellaneous
 z - a phantom mirror


   Skills:
 + Level 6.5 Fighting
 + Level 7.3 Short Blades
 - Level 1.7 Throwing
 + Level 3.9 Dodging
 + Level 6.8 Spellcasting
 - Level 5.5 Summonings


You had 20 spell levels left.
You knew the following spells:

 Your Spells              Type           Power      Damage    Failure   Level
a - Call Imp              Summ           17%        N/A       3%          2

Your spell library contained the following spells:

 Spells                   Type           Power      Damage    Failure   Level
 Summon Small Mammal      Summ           68%        N/A       1%          1
 Apportation              Tloc           8%         N/A       21%         1
 Magic Dart               Conj           16%        1d3       21%         1
 Necrotise                Necr           16%        1d4       21%         1
 Sublimation of Blood     Necr           4%         N/A       30%         2
 Wereblood                Tmut           4%         N/A       30%         2
 Mephitic Cloud           Conj/Pois/Air  4%         N/A       52%         3
 Summon Hydra             Summ           8%         N/A       100%        7


Dungeon Overview and Level Annotations

Branches:
Dungeon (9/15)             Temple (1/1) D:7
   Lair: D:8-11         Orc: D:9-12

Altars:
Ashenzari
Dithmenos
Gozag
Hepliaklqana
Makhleb
Okawaru
Qazlal
Ru
Uskayaw
Vehumet

Shops:
D:2 ((=

Annotations:
D:8 Prince Ribbit, Psyche


Innate Abilities, Weirdness & Mutations

You have razor-sharp teeth.
Your natural rate of healing is unusually fast.
When hurt, damage is shared between your health and your magic reserves.
Your bite disrupts and absorbs the magic of your enemies.
Potions cannot restore your health.


Message History

The thrashing horror attacks as you move away!
The thrashing horror misses you. The thrashing horror tramples you.
The thrashing horror tramples you!
* * * LOW HITPOINT WARNING * * *
You hold your ground!
The thrashing horror closely misses you.
The thrashing horror attacks as you move away!
The thrashing horror barely misses you.
The thrashing horror tramples you but does no damage.
The thrashing horror barely misses you.
The thrashing horror tramples you but does no damage.
The thrashing horror closely misses you.
The thrashing horror tramples you but does no damage.
The thrashing horror barely misses you. The thrashing horror tramples you.
* * * LOW HITPOINT WARNING * * *
You hold your ground!
The thrashing horror misses you.
The thrashing horror tramples you but does no damage.
The thrashing horror misses you. The thrashing horror barely misses you.
The thrashing horror barely misses you. The thrashing horror tramples you.
* * * LOW HITPOINT WARNING * * *
You stumble backwards!
The thrashing horror attacks as you move away!
The thrashing horror tramples you but does no damage. x2
The thrashing horror tramples you.
* * * LOW HITPOINT WARNING * * *
You hold your ground!
The thrashing horror misses you. The thrashing horror tramples you!
* * * LOW HITPOINT WARNING * * *
You hold your ground!
The thrashing horror tramples you but does no damage.
The thrashing horror tramples you.
* * * LOW HITPOINT WARNING * * *
You hold your ground!
The thrashing horror tramples you but does no damage. x2
The thrashing horror misses you.
The thrashing horror attacks as you move away!
The thrashing horror closely misses you.
The thrashing horror barely misses you. The thrashing horror tramples you!
You die...
Your body crumbles into a pile of gold.

.## #.# #.#
... ##.. ..#
. .. #.# #..
###.### #
#..#.#...#..
#..#.X@#....
#.#..X#..#
#..#...#..#
#....##..##
..#.##.#..#
.##
#.....#..##
# #.##.##.#
...#.....# #
#.#....# . .


You could see 2 thrashing horrors.

Vanquished Creatures
  A water moccasin (D:8)
  2 orc warriors
  A sky beast (D:7)
  A black bear (D:4)
  An ogre (D:6)
  2 centaurs (D:7)
  3 phantoms
  A kobold brigand (D:6)
  3 gnoll sergeants
  A scorpion (D:6)
  2 bullfrogs
  11 wights
  15 killer bees
  An electric eel (D:8)
  5 orc priests
  A gnoll bouda (D:6)
  A hound (D:6)
  A jelly (D:7)
  Terence (D:3)
  3 orc wizards
  3 iguanas
  23 gnolls
  3 adders
  3 white imps
  5 ufetubi
  A worm (D:3)
  5 dart slugs
  22 orcs
  8 ball pythons
  6 bats
  7 endoplasms
  8 giant cockroaches
  7 goblins
  7 hobgoblins
  12 kobolds
  A quokka (D:2)
  2 frilled lizards
  5 rats
185 creatures vanquished.

Vanquished Creatures (others)
  A ball python zombie (D:4)
  13 plants (D:4)
14 creatures vanquished.

Grand Total: 199 creatures vanquished

Notes
Turn   | Place    | Note
-------+----------+-------------------------------------------
     0 | D:1      | DeathPants the Vine Stalker Gladiator began the quest for
                  | the Orb.
     0 | D:1      | Reached XP level 1. HP: 11/11 MP: 2/2
   110 | D:1      | Reached XP level 2. HP: 9/15 MP: 1/3
   211 | D:1      | Reached skill level 3 in Short Blades
   577 | D:2      | Found Lisum's Weapon Shop.
   578 | D:2      | Found Suhe's Weapon Shoppe.
   598 | D:2      | Reached XP level 3. HP: 14/18 MP: 3/5
   648 | D:1      | Reached skill level 1 in Spellcasting
   875 | D:2      | Found a sacrificial altar of Ru.
  1148 | D:2      | Gained mutation: Your natural rate of healing is unusually
                  | fast. [Vine Stalker growth]
  1148 | D:2      | Reached XP level 4. HP: 23/23 MP: 6/6
  1258 | D:2      | Found Rideg's Jewellery Boutique.
  1868 | D:4      | Reached XP level 5. HP: 9/27 MP: 3/8
  2079 | D:3      | Found a faded altar of an unknown god.
  2114 | D:3      | Noticed Terence
  2128 | D:3      | Killed Terence
  2129 | D:3      | Reached skill level 4 in Short Blades
  2260 | D:3      | Reached XP level 6. HP: 32/32 MP: 10/10
  2331 | D:3      | Found a hazy altar of Hepliaklqana.
  2746 | D:3      | Learned a level 2 spell: Call Imp
  2971 | D:5      | Entered Level 5 of the Dungeon
  3255 | D:4      | Found a hide-covered altar of Uskayaw.
  3363 | D:4      | Noticed a black bear
  3372 | D:4      | Killed a black bear
  3373 | D:4      | Reached skill level 1 in Summonings
  3415 | D:4      | Identified the +7 war axe "Giantslayer" {freeze, Str+4
                  | SInv}
  3905 | D:5      | Reached XP level 7. HP: 13/36 MP: 5/12
  3908 | D:5      | HP: 1/36 [orc priest/divine providence (11)]
  3910 | D:5      | You fall into a shaft and drop 2 floors!
  4048 | D:6      | Reached skill level 5 in Short Blades
  4071 | D:6      | Found an iron altar of Okawaru.
  4135 | D:6      | Gained mutation: You have razor-sharp teeth. [Vine Stalker
                  | growth]
  4135 | D:6      | Reached XP level 8. HP: 42/42 MP: 13/15
  4343 | D:6      | Found a stormy altar of Qazlal.
  4409 | D:5      | Identified the +5 leather armour of the Frog {Str-2 Dex+5}
  5555 | D:7      | Reached skill level 5 in Fighting
  5555 | D:7      | Reached skill level 5 in Spellcasting
  5562 | D:7      | Reached skill level 6 in Short Blades
  5578 | D:7      | Reached XP level 9. HP: 42/47 MP: 13/17
  5685 | D:7      | Found a broken altar of Ashenzari.
  5842 | D:7      | Found a sacrificial altar of Ru.
  5960 | D:8      | Reached skill level 5 in Summonings
  5999 | D:7      | Found a staircase to the Ecumenical Temple.
  6164 | Temple   | Entered the Ecumenical Temple
  6181 | Temple   | Became a worshipper of Gozag Ym Sagoz the Greedy
  6318 | D:7      | Found a shadowy altar of Dithmenos.
  6448 | D:8      | Reached skill level 7 in Short Blades
  6498 | D:8      | Reached XP level 10. HP: 38/53 MP: 19/21
  6546 | D:9      | Noticed a kobold demonologist
  6555 | D:8      | Noticed Psyche
  6556 | D:8      | Noticed Prince Ribbit
  6570 | Abyss:2  | Cast into level 2 of the Abyss (Psyche)
  6602 | Abyss:2  | Noticed a worldbinder
  6609 | Abyss:2  | Noticed a thrashing horror
  6720 | Abyss:3  | Noticed a thrashing horror
  6724 | Abyss:3  | Noticed a thrashing horror
  6724 | Abyss:3  | Noticed a smoke demon
  6725 | Abyss:3  | Noticed a thrashing horror
  6741 | Abyss:3  | HP: 1/53 [thrashing horror (2)]
  6742 | Abyss:3  | Mangled by a thrashing horror

Illustrated notes

Levels and vault maps discovered:
D:1:      lemuel_arrival_muddy, layout_basic
D:2:      layout_basic, serial_shops, nicolae_lakefront_shop,
          nicolae_shop_statue_plus, shop, basic_altar
D:3:      layout_basic, mainiacjoe_overflow_concentric_impassable,
          shapermc_ecumenical_altar_starsandcircs, uniq_terence
D:4:      layout_loops_ring, mainiacjoe_overflow_six_doors_small,
          nicolae_grassy_gnolls
D:5:      layout_cave_pods
D:6:      layout_rooms, old_standard_altar, okawaru_metal_pillars_3
D:7:      layout_loops_ring, lemuel_crystal_altar, grunt_dithmenos_shadows,
          lemuel_doored_altar, minmay_temple_entry_arrows
D:8:      layout_rooms, tgw_kikubaaqudgha, old_standard_altar,
          mainiacjoe_overflow_24_doors, fungi_pond_lemuel, uniq_maurice,
          uniq_psyche, uniq_prince_ribbit1
D:9:      layout_cave_pools, lemuel_crystal_altar, mainiacjoe_overflow_chevrons,
          kennysheep_generic_room_5
Temple:   nicolae_temple_godpark
Abyss:3:  base: D:4, hangedman_abyss_sting

Skill      XL: |  1  2  3  4  5  6  7  8  9 |
---------------+----------------------------+-----
Fighting       | 2 3 4 5 6 |  6.5
Short Blades   | 3 4 5 6 7 |  7.3
Spellcasting   | 1 2 3 4 5 6 |  6.8
Dodging        | 3 |  3.9
Summonings     | 1 3 4 5 |  5.5
Throwing       | |  1.7

Action                     |  1- 3 |  4- 6 |  7- 9 | 10-12 || total
---------------------------+-------+-------+-------+-------++-------
  Melee: Rapier            |   121 |   153 |    63 |       ||   337
         Bite              |    29 |    47 |   152 |    10 ||   238
         Punch             |     2 |     1 |    12 |       ||    15
         Dagger            |       |       |   335 |    21 ||   356
  Throw: Throwing net      |       |     3 |     5 |       ||     8
         Dart              |       |       |     3 |       ||     3
   Cast: Call Imp          |       |       |     3 |       ||     3
  Evoke: Wand              |       |     2 |     2 |       ||     4
    Use: Scroll            |       |    13 |     7 |       ||    20
   Stab: Held in net/web   |       |     1 |     6 |       ||     7
         Confused          |       |     1 |       |       ||     1
         Petrifying        |       |     1 |       |       ||     1
         Petrified         |       |       |     2 |       ||     2
         Paralysed         |       |       |     2 |       ||     2
         Distracted        |       |       |     1 |       ||     1
 Armour: Leather armour    |    51 |    40 |    85 |    27 ||   203
  Dodge: Dodged            |   112 |   117 |   186 |    45 ||   460

Table legend: (Time is in decaauts)
 A = Elapsed time spent in this place.
 B = Non-inter-level travel time spent in this place.
 C = Inter-level travel time spent in this place.
 D = Time resting spent in this place.
 E = Time spent auto-exploring this place.
 F = Levels seen in this place.
 G = Mean time per level.
                   A        B        C        D        E       F      G
               +--------+--------+--------+--------+--------+-----+--------+
         Total |   6567 |   6404 |    163 |    552 |   3780 |  12 |  547.2 |
       Dungeon |   6362 |   6213 |    149 |    552 |   3688 |   9 |  706.9 |
        Temple |     35 |     21 |     14 |      0 |      3 |   1 |   35.0 |
         Abyss |    169 |    169 |      0 |      0 |     89 |   2 |   84.5 |
               +--------+--------+--------+--------+--------+-----+--------+

Top non-repeatable levels by time:
     D:3: 1372 daAuts
     D:5: 913 daAuts
     D:4: 870 daAuts
     D:7: 797 daAuts
     D:1: 771 daAuts
     D:2: 745 daAuts
     D:6: 694 daAuts
     D:8: 183 daAuts
 Abyss:3: 112 daAuts
 Abyss:2: 57 daAuts
  Temple: 35 daAuts
     D:9: 14 daAuts
